Map: Dreamcatcher LE

Players

Snute - Winner!

  • Race: Zerg Zerg
  • Spawn Location: 11:00

Seither

  • Race: Terran Terran
  • Spawn Location: 5:00

Event: WCS Austin 2018

VOD

Have the link to the VOD?

Description

Time

  • Played on: June 1, 2018, 11:22 p.m.
  • Length: 13:25

All games in this series

Show
View Real Time Build Order
Export as new Build Order

Snute Zerg - Winner!

Build Orders: Pool First 

Get SALT Encoding   

  12  0:00  Drone  
  13  0:12  Overlord  
  13  0:16  Drone  
  14  0:30  Drone x2  
  14  0:34  Drone  
  17  0:44  Spawning Pool  
  17  0:48  Drone  
  17  1:08  Hatchery  
  17  1:10  Drone  
  17  1:13  Drone  
  18  1:23  Extractor  
  17  1:30  Queen  
  17  1:31  Zergling x4  
  21  1:38  Overlord  
  21  1:50  Drone  
  23  2:01  Drone  
  23  2:06  Queen  
  25  2:10  Drone  
  26  2:20  Queen  
  26  2:21  Drone  
  26  2:22  Drone  
  30  2:25  Metabolic Boost  
  30  2:30  Drone  
  30  2:34  Drone  
  32  2:38  Drone x3  
  32  2:42  Drone  
  35  2:45  Overlord  
  35  3:03  Hatchery  
  34  3:06  Drone  
  34  3:07  Drone x3  
  34  3:12  Drone x2  
  40  3:15  Overlord  
  40  3:17  Zergling x2  
  40  3:19  Zergling x2  
  42  3:21  Zergling x2  
  42  3:24  Overlord  
  43  3:32  Overlord  
  43  3:35  Zergling x4  
  43  3:37  Drone  
  43  3:39  Queen  
  48  3:43  Drone  
  48  3:44  Drone x2  
  48  3:47  Drone x2  
  53  3:50  Drone  
  53  3:53  Drone x2  
  56  3:58  Drone  
  56  4:00  Drone  
  58  4:09  Drone  
  59  4:10  Drone  
  59  4:15  Queen x2  
  63  4:20  Evolution Chamber, Drone x4  
  63  4:21  Drone x2  
  68  4:26  Overlord  
  68  4:29  Queen  
  70  4:32  Drone  
  70  4:33  Zergling x6  
  74  4:38  Overlord  
  74  4:44  Overlord  
  74  4:46  Zerg Ground Armor Level 1  
  74  4:49  Overlord  
  74  4:50  Zergling x8  
  78  4:57  Queen x2  
  82  5:04  Zergling x14  
  82  5:05  Zergling x2  
  82  5:06  Zergling x2  
  91  5:15  Baneling Nest, Extractor  
  91  5:18  Zergling x12  
  95  5:21  Drone x3  
  95  5:25  Queen  
  95  5:28  Overlord  
  100  5:32  Drone x4  
  100  5:33  Queen  
  106  5:40  Overlord  
  104  5:45  Zergling x6  
  97  5:52  Zergling x4  
  97  5:54  Zergling x6  
  100  5:57  Zergling x6  
  100  6:02  Baneling x3  
  100  6:03  Zergling x2  
  100  6:04  Zergling x8  
  108  6:09  Drone x2  
  110  6:11  Extractor  
  110  6:12  Extractor  
  110  6:13  Evolution Chamber, Drone  
  110  6:14  Baneling  
  110  6:15  Baneling x4  
  108  6:19  Queen x2  
  108  6:20  Drone x2  
  108  6:24  Extractor  
  108  6:25  Drone  
  114  6:26  Extractor  
  114  6:30  Baneling x3  
  114  6:31  Drone x4  
  113  6:41  Drone  
  113  6:42  Drone x7  
  113  6:45  Hatchery  
  120  6:47  Overlord  
  120  6:48  Overlord  
  120  6:51  Lair  
  119  6:56  Overlord  
  116  7:04  Zergling x12  
  116  7:05  Overlord  
  116  7:06  Overlord  
  120  7:16  Zerg Melee Weapons Level 1  
  120  7:22  Zergling x10  
  125  7:23  Zergling x6  
  128  7:30  Zergling x8  
  132  7:42  Spore Crawler  
  132  7:43  Spore Crawler, Zergling x2  
  132  7:44  Zergling x8  
  135  7:49  Hatchery  
  135  7:50  Pneumatized Carapace  
  134  7:54  Zerg Ground Armor Level 2, Centrifical Hooks  
  134  8:00  Drone, Hydralisk Den  
  134  8:01  Drone, Zergling x12  
  134  8:02  Zergling x4  
  134  8:04  Infestation Pit  
  142  8:07  Zergling x8  
  142  8:08  Drone  
  142  8:10  Spore Crawler  
  145  8:20  Zergling x12  
  145  8:26  Overlord x2  
  150  8:29  Grooved Spines  
  150  8:34  Spore Crawler  
  149  8:38  Baneling x12  
  149  8:39  Baneling x6  
  149  8:40  Baneling  
  149  8:42  Zergling x4  
  149  8:44  Overlord x2  
  149  8:46  Hive  
  149  8:48  Drone x9  
  160  8:50  Drone x2  
  162  9:00  Baneling  
  162  9:01  Baneling x3  
  162  9:11  Zerg Melee Weapons Level 2  
  162  9:15  Hatchery  
  159  9:24  Zergling x2  
  159  9:25  Zergling x34  
  151  9:33  Zergling x2  
  151  9:34  Zergling x14  
  151  9:36  Zergling x2  
  151  9:37  Zergling x8  
  148  9:42  Zergling x4  
  146  9:47  Drone x5  
  146  9:50  Hydralisk x3  
  146  9:51  Spore Crawler  
  156  9:57  Hydralisk x3  
  156  10:01  Zergling x10  
  151  10:10  Hydralisk x4  
  151  10:11  Hydralisk  
  157  10:18  Zerg Ground Armor Level 3  
  157  10:23  Hydralisk x4  
  157  10:26  Muscular Augments  
  165  10:33  Hydralisk x4  
  173  10:38  Hydralisk  
  173  10:39  Hydralisk x2  
  179  10:45  Zergling x2  
  179  10:46  Zergling x14  
  184  10:52  Baneling x16  
  184  10:53  Baneling  
  184  10:56  Adrenal Glands  
  184  11:02  Hydralisk x3  
  190  11:10  Spore Crawler  
  189  11:12  Spore Crawler  
  189  11:14  Hydralisk x4  
  196  11:19  Baneling x5  
  185  11:38  Zergling x22  
  183  11:51  Zergling x28  
  188  12:10  Overlord x2  
  184  12:26  Baneling x2  
  184  12:27  Baneling x13  
  184  12:28  Baneling x5, Hydralisk x5  
  195  12:30  Zergling x12  
  195  12:32  Baneling x3  
  200  12:43  Hatchery  
  181  12:45  Zergling x2  
  181  12:46  Zergling x40  
  193  12:54  Zergling x2  
  193  12:55  Zergling x16  
  198  13:07  Zergling x4  
Show
View Real Time Build Order
Export as new Build Order

Seither Terran 

Build Orders: MMM Bio 

Get SALT Encoding   

  12  0:00  SCV  
  13  0:12  SCV  
  14  0:17  Supply Depot  
  14  0:25  SCV  
  15  0:39  SCV  
  15  0:42  Barracks  
  16  0:51  SCV  
  16  0:55  Refinery  
  17  1:03  SCV  
  18  1:15  SCV  
  19  1:30  Orbital Command, Marine  
  20  1:39  Command Center  
  20  1:47  Marine  
  20  1:50  Supply Depot  
  21  1:56  SCV  
  22  2:07  Barracks Reactor  
  22  2:08  SCV  
  23  2:20  SCV  
  24  2:25  Command Center  
  24  2:36  SCV  
  25  2:45  Barracks, Marine x2  
  25  2:48  SCV  
  28  3:00  SCV  
  29  3:06  Marine x2  
  29  3:07  Orbital Command  
  31  3:14  Engineering Bay  
  31  3:18  Engineering Bay, Refinery  
  31  3:24  SCV  
  31  3:27  Marine x2  
  32  3:32  Barracks Tech Lab  
  34  3:34  SCV  
  34  3:39  Orbital Command  
  34  3:40  SCV  
  36  3:45  Terran Infantry Weapons Level 1  
  36  3:48  Terran Infantry Armor Level 1  
  36  3:50  SCV  
  36  3:54  Marine x2  
  39  3:57  Stimpack  
  39  3:58  Marine  
  39  4:03  SCV x2  
  41  4:13  Marine x2  
  43  4:18  SCV x2  
  43  4:19  Factory  
  45  4:26  Refinery, SCV  
  45  4:27  Refinery  
  45  4:28  Marine  
  45  4:30  SCV  
  48  4:32  Supply Depot  
  48  4:35  Marine x2  
  48  4:38  SCV  
  51  4:39  SCV  
  52  4:46  SCV  
  52  4:50  SCV  
  52  4:51  Marine  
  55  4:56  Supply Depot  
  55  5:00  Barracks  
  55  5:05  Barracks  
  55  5:06  Orbital Command, Starport, Factory Reactor  
  55  5:08  SCV x2  
  55  5:11  Marine  
  58  5:16  Armory  
  58  5:20  SCV  
  59  5:22  SCV  
  59  5:23  Barracks  
  59  5:28  Supply Depot  
  60  5:33  SCV x2  
  62  5:36  Marine x3  
  53  5:50  Engineering Bay  
  53  5:53  Marine x2  
  53  5:54  Marine x3  
  52  5:57  Hellion, Combat Shields  
  52  6:03  Medivac  
  54  6:11  Marine x2  
  51  6:12  Marine x2  
  51  6:14  Terran Infantry Weapons Level 2  
  54  6:26  Hellion x2, Marine  
  59  6:35  Supply Depot  
  59  6:37  Orbital Command  
  59  6:38  Medivac  
  61  6:40  Marine x2  
  61  6:42  SCV  
  64  6:54  SCV  
  64  6:55  Marine x4  
  69  7:07  Marine x2  
  71  7:18  Factory Reactor  
  71  7:20  Barracks Reactor  
  71  7:21  Barracks Reactor x2, Terran Infantry Armor Level 2  
  70  7:24  SCV x2  
  70  7:28  Marine x2  
  74  7:32  Marine  
  74  7:36  SCV x2  
  77  7:39  Supply Depot  
  77  7:43  Supply Depot  
  77  7:52  Supply Depot  
  77  7:56  Refinery  
  77  7:58  Orbital Command  
  77  8:00  Refinery  
  77  8:01  Medivac, Marine x3, SCV x2  
  77  8:04  Medivac  
  77  8:05  Supply Depot  
  86  8:09  Marine x3  
  91  8:13  Widow Mine x2  
  93  8:20  Supply Depot  
  93  8:25  Marine x2  
  95  8:27  Supply Depot  
  95  8:35  Marine x3  
  95  8:36  Marine x4  
  95  8:37  Terran Infantry Weapons Level 3  
  95  8:38  SCV x2  
  94  8:54  Medivac  
  94  8:55  Medivac  
  98  8:56  Marine x2  
  98  8:57  Marine x4  
  98  9:00  SCV x3  
  107  9:12  Barracks x2  
  107  9:13  Barracks  
  107  9:22  Marauder, Marine x6  
  104  9:33  Marine x2  
  69  9:39  Marine x2  
  69  9:40  Marine x4  
  69  9:41  Terran Infantry Armor Level 3  
  69  9:43  Marauder  
  71  9:50  Orbital Command  
  71  9:51  Marine x2  
  71  9:53  Medivac x2  
  71  9:54  SCV x2  
  71  9:57  Marine x3  
  71  9:58  Marine x2  
  81  10:06  Marine x2  
  82  10:09  Marine x2  
  82  10:18  Marine x4  
  82  10:19  Marine  
  82  10:20  Widow Mine x2  
  91  10:24  SCV  
  91  10:25  SCV x2  
  94  10:32  Supply Depot  
  94  10:33  Medivac, Supply Depot  
  96  10:36  Medivac  
  96  10:38  Marine x3  
  96  10:39  Marauder  
  96  10:42  SCV  
  104  10:43  SCV  
  105  11:01  Barracks x2, Marine  
  105  11:02  Marauder, Marine x2  
  110  11:04  Barracks  
  110  11:05  Widow Mine x2  
  110  11:09  Marine  
  110  11:10  Marine  
  116  11:11  Medivac x2  
  116  11:13  SCV x2  
  116  11:16  Supply Depot  
  116  11:17  Supply Depot  
  122  11:20  Marine  
  122  11:21  Marine x3  
  122  11:23  Marauder  
  128  11:26  Widow Mine x2  
  126  11:33  Marine x4  
  123  11:45  Marauder  
  112  11:48  Marine x4  
  114  11:59  Marine x2  
  105  12:03  Marine x2  
  105  12:06  Marauder, Widow Mine x2  
  101  12:09  SCV x2  
  101  12:10  SCV  
  101  12:15  Barracks Tech Lab  
  103  12:21  SCV  
  103  12:22  SCV x2, Barracks Tech Lab x2  
  106  12:27  Marauder, Widow Mine  
  106  12:28  Widow Mine  
  112  12:31  Medivac x2  
  116  12:37  Supply Depot  
  112  12:47  Marine x2  
  112  12:50  Marine x4  
  110  12:52  Barracks Tech Lab  
  110  12:56  Marauder, Marine x2  
Tags
 
Add a new tag
Caveats
  • Supply blocks, unpowered buildings, or Contaminate may cause inaccurate times.
  • Supply counts are checked every 10 seconds.